EL
HARRISBURG SENATORS @ NEW HAMPSHIRE FISHER CATS
05/17/2099
 
TOP OF THE 1ST
Harrisburg Senators batting - Pitching for New Hampshire Fisher Cats : RHP Alex Romero
Pitching: RHP Alex Romero
Batting: RHB Justin Teufel 0-0: Foul Ball, location: 5DF
0-1: SINGLE (Line Drive, 78S, EV 91.3 MPH)
Batting: RHB David Hampton 0-0: Fly out, F8 (Flyball, 8LM, EV 88.1 MPH)
Batting: LHB Frank Creamer 0-0: Ball
1-0: Swinging Strike
1-1: Foul Ball, location: 2F
1-2: Foul Ball, location: 25F
1-2: 2-RUN HOME RUN (Flyball, 9D, EV 104.4 MPH), Distance : 417 ft
Batting: LHB Gene Ratcliff 0-0: Called Strike
0-1: Ball
1-1: Fly out, F7 (Flyball, 78M, EV 97.5 MPH)
Batting: RHB Tyler Block 0-0: Ball
1-0: Called Strike
1-1: Fly out, F8 (Flyball, 8LD, EV 103.1 MPH)
Top of the 1st over - 2 runs, 2 hits, 0 errors, 0 left on base; Harrisburg 2 - New Hampshire 0
BOTTOM OF THE 1ST
New Hampshire Fisher Cats batting - Pitching for Harrisburg Senators : RHP Elias Valverde
Pitching: RHP Elias Valverde
Batting: LHB Dan Richins 0-0: Foul Ball, location: 23F
0-1: DOUBLE (Flyball, 8LXD, EV 102.5 MPH)
Batting: RHB Julio Correa 0-0: Foul Ball, location: 2F
0-1: Swinging Strike
0-2: Strikes out swinging
Batting: SHB Jody Holman 0-0: Called Strike
0-1: Fly out, F2 (Popup, 2RF, EV 93.1 MPH)
Batting: RHB Pablo Pizarro 0-0: Ground out 6-3 (Groundball, 6, EV 104.4 MPH)
Bottom of the 1st over - 0 runs, 1 hit, 0 errors, 1 left on base; Harrisburg 2 - New Hampshire 0
TOP OF THE 2ND
Harrisburg Senators batting - Pitching for New Hampshire Fisher Cats : RHP Alex Romero
Batting: RHB Clint Rosenberg 0-0: Ball
1-0: Ball
2-0: Swinging Strike
2-1: Ball
3-1: Called Strike
3-2: Foul Ball, location: 23FF
3-2: Strikes out looking
Batting: RHB Adam Johnson 0-0: Swinging Strike
0-1: Ground out 5-3 (Groundball, 56S, EV 90.0 MPH)
Batting: RHB Joe Fishler 0-0: Foul Ball, location: 9LMF
0-1: Foul Ball, location: 9LDF
0-2: Ball
1-2: Ball
2-2: Foul Ball, location: 9LMF
2-2: Ball
3-2: Ground out 6-3 (Groundball, 6, EV 100.6 MPH)
Top of the 2nd over - 0 runs, 0 hits, 0 errors, 0 left on base; Harrisburg 2 - New Hampshire 0
BOTTOM OF THE 2ND
New Hampshire Fisher Cats batting - Pitching for Harrisburg Senators : RHP Elias Valverde
Batting: RHB Matt Robertson 0-0: Ball
1-0: Ball
2-0: Called Strike
2-1: Ball
3-1: Foul Ball, location: 2F
3-2: SINGLE (Groundball, 56D, EV 95.6 MPH)
Batting: RHB Matt Larsen 0-0: Ball
Matt Robertson steals 2nd base
1-0: Called Strike
1-1: Foul Ball, location: 9LDF
1-2: Ball
2-2: Ball
3-2: SINGLE (Groundball, 6MD, EV 97.5 MPH)
Matt Robertson to third
Batting: LHB Dave Tolbert 0-0: Ball
1-0: Called Strike
1-1: Foul Ball, location: 2F
1-2: Strikes out looking
Matt Larsen steals 2nd base
Batter strikes out.
Batting: RHB Paul Mulligan 0-0: Ball
1-0: Ball
2-0: Swinging Strike
2-1: Swinging Strike
2-2: Foul Ball, location: 25F
2-2: Ball
3-2: Fly out, F9 (Line Drive, 9, EV 100.0 MPH)
Runner from 3rd tags up, OUT at HOME! 9-2
Bottom of the 2nd over - 0 runs, 2 hits, 0 errors, 1 left on base; Harrisburg 2 - New Hampshire 0
TOP OF THE 3RD
Harrisburg Senators batting - Pitching for New Hampshire Fisher Cats : RHP Alex Romero
Batting: RHB Montes Calosso 0-0: Ball
1-0: Fly out, F8 (Flyball, 78D, EV 105.6 MPH)
Batting: RHB Justin Teufel 0-0: Called Strike
0-1: Ball
1-1: Swinging Strike
1-2: Ball
2-2: Ball
3-2: Foul Ball, location: 5FF
3-2: Fly out, F8 (Line Drive, 8LM, EV 97.5 MPH)
Batting: RHB David Hampton 0-0: Ball
1-0: Called Strike
1-1: SINGLE (Groundball, 56D, EV 96.3 MPH)
Batting: LHB Frank Creamer 0-0: Swinging Strike
0-1: Called Strike
0-2: Strikes out swinging
Top of the 3rd over - 0 runs, 1 hit, 0 errors, 1 left on base; Harrisburg 2 - New Hampshire 0
BOTTOM OF THE 3RD
New Hampshire Fisher Cats batting - Pitching for Harrisburg Senators : RHP Elias Valverde
Batting: RHB Jose Grijalva 0-0: Called Strike
0-1: Ball
1-1: Fly out, F7 (Flyball, 78M, EV 90.6 MPH)
Batting: LHB Dan Richins 0-0: Ball
1-0: Foul Ball, location: 25F
1-1: Called Strike
1-2: Strikes out swinging
Batting: RHB Julio Correa 0-0: Ball
1-0: Called Strike
1-1: Ball
2-1: Called Strike
2-2: SINGLE (Line Drive, 56D, EV 98.8 MPH)
Batting: SHB Jody Holman 0-0: Ball
1-0: Ball
2-0: Swinging Strike
Julio Correa is caught stealing 2nd base 2-6
Bottom of the 3rd over - 0 runs, 1 hit, 0 errors, 0 left on base; Harrisburg 2 - New Hampshire 0
TOP OF THE 4TH
Harrisburg Senators batting - Pitching for New Hampshire Fisher Cats : RHP Alex Romero
Batting: LHB Gene Ratcliff 0-0: Ball
1-0: Fly out, F2 (Popup, 2LF, EV 97.5 MPH)
Batting: RHB Tyler Block 0-0: Fly out, F9 (Flyball, 9, EV 86.9 MPH)
Batting: RHB Clint Rosenberg 0-0: SINGLE (Flyball, 78S, EV 95.6 MPH)
Batting: RHB Adam Johnson 0-0: Called Strike
0-1: Foul Ball, location: 9LDF
0-2: Foul Ball, location: 2F
0-2: Ball
1-2: Ball
2-2: Foul Ball, location: 25F
2-2: Ball
3-2: Base on Balls
Clint Rosenberg to second
Batting: RHB Joe Fishler 0-0: Ball
1-0: Called Strike
1-1: Called Strike
1-2: Fielders Choice at 3rd, U5 (Groundball, 5, EV 104.4 MPH)
Top of the 4th over - 0 runs, 1 hit, 0 errors, 1 left on base; Harrisburg 2 - New Hampshire 0
BOTTOM OF THE 4TH
New Hampshire Fisher Cats batting - Pitching for Harrisburg Senators : RHP Elias Valverde
Batting: SHB Jody Holman 0-0: Ball
1-0: Foul Ball, location: 3FF
1-1: Foul Ball, location: 2F
1-2: Foul Ball, location: 9LSF
1-2: Fly out, F7 (Line Drive, 7, EV 96.9 MPH)
Batting: RHB Pablo Pizarro 0-0: Called Strike
0-1: Ball
1-1: Foul Ball, location: 5F
1-2: Ball
2-2: Ball
3-2: Ground out 6-3 (Groundball, 6, EV 106.9 MPH)
Batting: RHB Matt Robertson 0-0: Foul Ball, location: 2F
0-1: Called Strike
0-2: Ball
1-2: Foul Ball, location: 2F
1-2: Ball
2-2: Ball
3-2: Base on Balls
Batting: RHB Matt Larsen 0-0: Ball
1-0: Ground out 1-3 (Groundball, 13S, EV 60.6 MPH)
Bottom of the 4th over - 0 runs, 0 hits, 0 errors, 1 left on base; Harrisburg 2 - New Hampshire 0
TOP OF THE 5TH
Harrisburg Senators batting - Pitching for New Hampshire Fisher Cats : RHP Alex Romero
Batting: RHB Montes Calosso 0-0: Swinging Strike
0-1: Foul Ball, location: 2F
0-2: Fly out, F8 (Flyball, 8RS, EV 81.3 MPH)
Batting: RHB Justin Teufel 0-0: Ground out 1-3 (Groundball, 13S, EV 71.3 MPH)
Batting: RHB David Hampton 0-0: Ball
1-0: Called Strike
1-1: Fly out, F9 (Flyball, 9, EV 82.5 MPH)
Top of the 5th over - 0 runs, 0 hits, 0 errors, 0 left on base; Harrisburg 2 - New Hampshire 0
BOTTOM OF THE 5TH
New Hampshire Fisher Cats batting - Pitching for Harrisburg Senators : RHP Elias Valverde
Batting: LHB Dave Tolbert 0-0: Ball
1-0: Ball
2-0: Ball
3-0: Base on Balls
Batting: RHB Paul Mulligan 0-0: Bunted foul
0-1: Bunted foul
0-2: Fly out, F9 (Flyball, 89M, EV 91.3 MPH)
Batting: RHB Jose Grijalva 0-0: Ball
1-0: Swinging Strike
1-1: Ball
2-1: Ball
Dave Tolbert steals 2nd base
3-1: Swinging Strike
3-2: Foul Ball, location: 2F
3-2: Ground out 5-3 (Groundball, 56S, EV 83.1 MPH)
Batting: LHB Dan Richins 0-0: Ball
1-0: Ball
2-0: Called Strike
2-1: Foul Ball, location: 7LDF
2-2: Ball
3-2: Foul Ball, location: 2F
3-2: SINGLE (Groundball, 4MD, EV 98.1 MPH)
Dave Tolbert to third
Runner from 3rd tries for Home, SAFE, throw by CF to home
Batting: RHB Julio Correa 0-0: Ball
1-0: Called Strike
1-1: Ground out 4-3 (Groundball, 13, EV 86.3 MPH)
Bottom of the 5th over - 1 run, 1 hit, 0 errors, 1 left on base; Harrisburg 2 - New Hampshire 1
TOP OF THE 6TH
Harrisburg Senators batting - Pitching for New Hampshire Fisher Cats : RHP Alex Romero
Batting: LHB Frank Creamer 0-0: Ground out 4-3 (Groundball, 34, EV 105.0 MPH)
Batting: LHB Gene Ratcliff 0-0: Ball
1-0: Ball
2-0: Called Strike
2-1: Foul Ball, location: 2F
2-2: Strikes out looking
Batting: RHB Tyler Block 0-0: Called Strike
0-1: Foul Ball, location: 5F
0-2: Fly out, F8 (Flyball, 89D, EV 106.3 MPH)
Top of the 6th over - 0 runs, 0 hits, 0 errors, 0 left on base; Harrisburg 2 - New Hampshire 1
BOTTOM OF THE 6TH
New Hampshire Fisher Cats batting - Pitching for Harrisburg Senators : RHP Elias Valverde
Batting: SHB Jody Holman 0-0: Swinging Strike
0-1: Ball
1-1: Ball
2-1: Ball
3-1: Called Strike
3-2: Strikes out looking
Batting: RHB Pablo Pizarro 0-0: Called Strike
0-1: Fly out, F2 (Popup, 5SF, EV 68.8 MPH)
Batting: RHB Matt Robertson 0-0: Ball
1-0: Ball
2-0: Swinging Strike
2-1: SOLO HOME RUN (Flyball, 9D, EV 101.3 MPH), Distance : 410 ft
Batting: RHB Matt Larsen 0-0: Ball
1-0: Ball
2-0: Ball
3-0: Called Strike
3-1: Base on Balls
Pitching: LHP Carlos Jimenez
Batting: LHB Dave Tolbert 0-0: Ball
1-0: SINGLE (Groundball, 4MD, EV 97.5 MPH)
Matt Larsen to second
Batting: RHB Paul Mulligan 0-0: Called Strike
0-1: Foul Ball, location: 9LSF
0-2: Fly out, F7 (Flyball, 78M, EV 88.1 MPH)
Bottom of the 6th over - 1 run, 2 hits, 0 errors, 2 left on base; Harrisburg 2 - New Hampshire 2
TOP OF THE 7TH
Harrisburg Senators batting - Pitching for New Hampshire Fisher Cats : RHP Alex Romero
Batting: RHB Clint Rosenberg 0-0: Ball
1-0: Ball
2-0: Called Strike
2-1: Swinging Strike
2-2: Foul Ball, location: 9LMF
2-2: Ball
3-2: Strikes out swinging
Batting: RHB Adam Johnson 0-0: Called Strike
0-1: Ball
1-1: Ground out 6-3 (Groundball, 6, EV 80.6 MPH)
Batting: RHB Joe Fishler 0-0: Called Strike
0-1: Foul Ball, location: 2F
0-2: Ball
1-2: Ball
2-2: Ball
3-2: Foul Ball, location: 2F
3-2: SINGLE (Groundball, 6MD, EV 104.4 MPH)
Pitching: RHP Ruben Ruiz
Batting: RHB Montes Calosso 0-0: Swinging Strike
0-1: Reached on error, E5 (Groundball, 5, EV 102.5 MPH)
Joe Fishler to second
Batting: RHB Justin Teufel 0-0: Ball
1-0: Ball
2-0: SINGLE (Groundball, 6MD, EV 105.6 MPH) (infield hit)
Joe Fishler to third
Montes Calosso to second
Batting: RHB David Hampton 0-0: Ball
1-0: Swinging Strike
1-1: Called Strike
1-2: Ground out 2-3 (Groundball, 15S, EV 69.4 MPH)
Top of the 7th over - 0 runs, 2 hits, 1 error, 3 left on base; Harrisburg 2 - New Hampshire 2
BOTTOM OF THE 7TH
New Hampshire Fisher Cats batting - Pitching for Harrisburg Senators : LHP Carlos Jimenez
Batting: RHB Jose Grijalva 0-0: Ball
1-0: Ball
2-0: Ball
3-0: Base on Balls
Batting: RHB Walt Baranyi 0-0: Swinging Strike
0-1: Foul Ball, location: 2F
0-2: Strikes out swinging
Batting: RHB Julio Correa 0-0: Ball
1-0: Ball
2-0: Ball
3-0: Called Strike
3-1: Foul Ball, location: 2F
3-2: Strikes out swinging
Jose Grijalva steals 2nd base
Batter strikes out.
Batting: SHB Jody Holman 0-0: Called Strike
0-1: Ball
1-1: Ball
2-1: Called Strike
2-2: Foul Ball, location: 2F
2-2: Strikes out swinging
Bottom of the 7th over - 0 runs, 0 hits, 0 errors, 1 left on base; Harrisburg 2 - New Hampshire 2
TOP OF THE 8TH
Harrisburg Senators batting - Pitching for New Hampshire Fisher Cats : RHP Ruben Ruiz
Pitching: LHP Chris Hankerson
Pinch Hitting: RHB Paul Bailey 0-0: Ground out 5-3 (Groundball, 5, EV 94.4 MPH)
Batting: LHB Gene Ratcliff 0-0: Ball
1-0: Fly out, F9 (Flyball, 9S, EV 86.9 MPH)
Pitching: RHP Angel Hinojosa
Batting: RHB Tyler Block 0-0: Ground out 5-3 (Groundball, 56, EV 83.1 MPH)
Top of the 8th over - 0 runs, 0 hits, 0 errors, 0 left on base; Harrisburg 2 - New Hampshire 2
BOTTOM OF THE 8TH
New Hampshire Fisher Cats batting - Pitching for Harrisburg Senators : LHP Carlos Jimenez
Pitching: RHP Jeremiah Crawford
Now at 3B: Ryan Benesh
Batting: RHB Pablo Pizarro 0-0: Ball
1-0: Foul Ball, location: 2F
1-1: Swinging Strike
1-2: Ball
2-2: DOUBLE (Flyball, 8RXD, EV 110.6 MPH)
Batting: RHB Matt Robertson 0-0: Ball
1-0: Ball
2-0: Ball
3-0: Called Strike
3-1: Foul Ball, location: 9LSF
3-2: Fly out, F7 (Flyball, 7, EV 92.5 MPH)
Batting: RHB Matt Larsen 0-0: Ball
1-0: Ball
2-0: Fly out, F8 (Flyball, 8RXD, EV 91.3 MPH)
Runner from 2nd tags up, SAFE at 3rd, no throw by CF
Batting: LHB Dave Tolbert 0-0: Ball
1-0: Foul Ball, location: 7LMF
1-1: Called Strike
1-2: Ball
2-2: Strikes out swinging
Bottom of the 8th over - 0 runs, 1 hit, 0 errors, 1 left on base; Harrisburg 2 - New Hampshire 2
TOP OF THE 9TH
Harrisburg Senators batting - Pitching for New Hampshire Fisher Cats : RHP Angel Hinojosa
Batting: RHB Clint Rosenberg 0-0: Ball
1-0: Called Strike
1-1: Called Strike
1-2: SINGLE (Line Drive, 78M, EV 90.6 MPH)
Batting: RHB Adam Johnson 0-0: Swinging Strike
0-1: Swinging Strike
0-2: Ball
1-2: Foul Ball, location: 2F
1-2: Grounds into double play, 6-4-3 (Groundball, 6, EV 85.0 MPH)
Batting: RHB Joe Fishler 0-0: Ball
1-0: Foul Ball, location: 25F
1-1: Foul Ball, location: 9LMFF
1-2: Foul Ball, location: 25F
1-2: DOUBLE (Line Drive, 8LD, EV 106.3 MPH)
Pinch Hitting: LHB David Marquer 0-0: Ball
1-0: Foul Ball, location: 25F
1-1: Ground out 5-3 (Groundball, 56, EV 91.9 MPH)
Top of the 9th over - 0 runs, 2 hits, 0 errors, 1 left on base; Harrisburg 2 - New Hampshire 2
BOTTOM OF THE 9TH
New Hampshire Fisher Cats batting - Pitching for Harrisburg Senators : RHP Jeremiah Crawford
Now at 2B: David Marquer
Now at SS: Justin Teufel
Pinch Hitting: SHB Jasper Raucci 0-0: Foul Ball, location: 2F
0-1: Ball
1-1: TRIPLE (Flyball, 78XD, EV 108.8 MPH)
Batting: RHB Jose Grijalva 0-0: SINGLE (Groundball, 34D, EV 102.5 MPH)
Jasper Raucci scores
Bottom of the 9th over - 1 run, 2 hits, 0 errors, 1 left on base; Harrisburg 2 - New Hampshire 3
Monday, May 6th , 2024 - OOTP Baseball 24.11 Build 85